 Dungeon Crawl Stone Soup version 0.31.0-11-ge490571c62 (webtiles) character file.

Game seed: 7905745035054643492

1687 Arcadio the Thaumaturge (level 8, 0/41 HPs)
             Began as a Deep Elf Conjurer on Jan 30, 2024.
             Was a Believer of Zin.
             Slain by Pikel
             ... wielding a +2 whip of freezing
              (10 damage)
             ... on level 5 of the Dungeon.
             The game lasted 00:12:51 (6045 turns).

Arcadio the Thaumaturge (Deep Elf Conjurer)         Turns: 6045, Time: 00:12:51

Health: 0/41       AC:  3    Str:  4    XL:     8   Next: 71%
Magic:  10/23      EV: 14    Int: 26    God:    Zin [**....]
Gold:   264        SH:  0    Dex: 13    Spells: 15/26 levels left

rFire   . . .        u - +0 rapier (chaos)
rCold   . . .        (no shield)
rNeg    . . .        e - +1 robe {Will+}
rPois   .            (no helmet)
rElec   .            (no cloak)
rCorr   .            (no gloves)
SInv    .            (no boots)
Will    +....        (no amulet)
Stlth   ++           (no ring)
HPRegen 0.26/turn    (no ring)
MPRegen 0.18/turn

%: no passive effects
@: no status effects
A: no striking features
a: Renounce Religion, Recite, Vitalisation, Donate Gold


You were on level 5 of the Dungeon.
You worshipped Zin.
Zin was pleased with you.
You visited 1 branch of the dungeon, and saw 5 of its levels.

You collected 321 gold pieces.
You spent 28 gold pieces at shops.
You donated 29 gold pieces to Zin.

Inventory:

Hand Weapons
 d - a +0 short sword
 h - a +0 rapier
 u - a +0 rapier of chaos (weapon)
 v - a +0 morningstar
Armour
 a - a +0 robe
 e - a +1 robe of willpower (worn)
Jewellery
 q - an amulet of magic regeneration
Scrolls
 g - a scroll of torment {unknown}
 i - a scroll of immolation {unknown}
 j - 2 scrolls of enchant armour {unknown}
 k - a scroll of butterflies {unknown}
 m - 2 scrolls of blinking {unknown}
 o - 2 scrolls of teleportation {unknown}
 p - a scroll of fear {unknown}
 r - 3 scrolls of identify
 t - a scroll of revelation {unknown}
Potions
 b - a potion of magic
 c - 5 potions of mutation {unknown}
 f - a potion of attraction {unknown}
 l - 2 potions of might {unknown}
 n - a potion of heal wounds {unknown}
 s - a potion of enlightenment {unknown}


   Skills:
 + Level 6.2 Dodging
 - Level 2.4 Stealth
 + Level 9.7 Spellcasting
 + Level 9.0 Conjurations


You had 15 spell levels left.
You knew the following spells:

 Your Spells              Type           Power      Damage    Failure   Level
a - Magic Dart            Conj           100%       1d8       1%          1
b - Searing Ray           Conj           100%       2d8       1%          2
c - Fulminant Prism       Conj/Alch      18%        3d11      8%          4
d - Iskenderun's Mystic   Conj/Tloc      36%        2d9       8%          4

Your spell library contained the following spells:

 Spells                   Type           Power      Damage    Failure   Level
 Call Imp                 Summ           24%        N/A       7%          2
 Sublimation of Blood     Necr           12%        N/A       7%          2
 Summon Hydra             Summ           6%         N/A       100%        7


Dungeon Overview and Level Annotations

Branches:
Dungeon (5/15)
 Temple: D:4-7

Altars:
Dithmenos
Elyvilon
Xom
Zin
The Shining One

Shops:
D:4 :*

Annotations:
D:5 Pikel


Message History

Confirm with . or Enter, or press ? or * to list all spells.
Aiming: Searing Ray (safe; 1% risk of failure)
Press: ? - help, Shift-Dir - straight line, f - Pikel
Aim: Pikel, wielding a +2 whip of freezing and wearing a +0 robe (lightly wounded, 79% to hit)
The searing ray hits Pikel.
Pikel is moderately wounded. (Press . to maintain the ray.)
The searing ray hits Pikel.
Pikel is moderately wounded.
The searing ray hits the lemure!
The lemure is moderately wounded.
The searing ray misses Pikel.
The searing ray hits the lemure.
The lemure is heavily wounded.
The searing ray hits the lemure!
The lemure is severely wounded.
Casting: Searing Ray (safe; 1% risk of failure)
Confirm with . or Enter, or press ? or * to list all spells.
Restarting spell: Searing Ray (safe; 1% risk of failure)
Press: ? - help, Shift-Dir - straight line, f/p - Pikel
Aim: Pikel, wielding a +2 whip of freezing and wearing a +0 robe (moderately wounded, 79% to hit)
The searing ray hits Pikel.
Pikel is heavily wounded. (Press . to maintain the ray.) Pikel barely misses you.
The searing ray misses Pikel.
The searing ray hits the lemure!
You kill the lemure!
That felt strangely unrewarding.
Pikel waves his whip at you.
Pikel hits you with a +2 whip of freezing!
Pikel freezes you.
The searing ray hits Pikel.
Pikel is severely wounded.
Pikel hits you with a +2 whip of freezing!
Pikel freezes you.
The searing ray hits Pikel!
Pikel is almost dead.
You finish channelling your searing ray.
Pikel hits you with a +2 whip of freezing!
You die...
Pikel says, "See you in Hell!"

.#...# . #...#...#.......
..#.###.# .. ##.#.....#....##
.###...## . ..###...##..#.#.
#.#.....# ##. .... #.###.#......
...#...#.. #...#.. #.. #...#.#.#.
...##### . #...#####...#...#.#...
...# .. . ..#...#...#...#.#.#.
#.#.....#.### #.....#.###.#..#.#.
.###...###...###@..###...##..#...
..# ###.#.....#K###.#. ...#..####
.#...#...# #)5.#...# ..#.......
##...#...#####)).#...#####.......
.#...#...#...#...#...#...#)......
..#.###.#....5#.###.#...))#..####
.## ...###...###...###...##>.###.
#.#.5.. #.###.#.....#.###.#.)....
.5#.. #5..#...#...#...#...#.####


You could see Pikel and 2 lemures.

Vanquished Creatures
  Grinder (D:4)
  Sigmund (D:3)
  Menkaure (D:4)
  An ogre (D:5)
  A lemure (D:5)
  2 phantoms (D:4)
  Blork the orc (D:4)
  3 scorpions (D:5)
  2 hounds
  6 orc priests (D:5)
  2 jellies
  A gnoll bouda (D:4)
  3 iguanas
  Terence (D:3)
  A sleepcap (D:5)
  Natasha (thrice) (D:3)
  8 gnolls
  2 adders (D:3)
  A dart slug (D:2)
  3 ribbon worms
  8 orcs (D:5)
  11 ball pythons
  9 bats
  9 endoplasms
  5 giant cockroaches
  8 goblins
  5 hobgoblins
  4 jackals (D:2)
  11 kobolds
  5 quokkas
  4 frilled lizards (D:1)
  8 rats
131 creatures vanquished.

Vanquished Creatures (others)
  A fulminant prism (D:4)
1 creature vanquished.

Grand Total: 132 creatures vanquished

Notes
Turn   | Place    | Note
-------+----------+-------------------------------------------
     0 | D:1      | Arcadio the Deep Elf Conjurer began the quest for the Orb.
     0 | D:1      | Reached XP level 1. HP: 10/10 MP: 6/6
   218 | D:1      | Reached XP level 2. HP: 15/15 MP: 6/8
   296 | D:1      | Learned a level 2 spell: Searing Ray
   773 | D:1      | Reached skill level 5 in Conjurations
   773 | D:1      | Reached XP level 3. HP: 19/19 MP: 8/10
  1829 | D:2      | Reached XP level 4. HP: 16/24 MP: 6/12
  2475 | D:3      | Found a shadowy altar of Dithmenos.
  2495 | D:3      | Noticed Natasha
  2497 | D:3      | Noticed Terence
  2513 | D:3      | Killed Natasha
  2514 | D:3      | Reached skill level 5 in Spellcasting
  2557 | D:3      | Killed Terence
  2660 | D:3      | Noticed Sigmund
  2840 | D:3      | Reached XP level 5. HP: 28/28 MP: 10/14
  2880 | D:3      | Found a large runed translucent door.
  2880 | D:3      | Found a large runed translucent door.
  2884 | D:3      | Found a shimmering altar of Xom.
  2887 | D:3      | Noticed Natasha
  2890 | D:3      | Learned a level 4 spell: Fulminant Prism
  3214 | D:3      | Killed Sigmund
  3215 | D:3      | Reached XP level 6. HP: 32/32 MP: 11/17
  3273 | D:3      | Found a faded altar of an unknown god.
  3515 | D:3      | Killed Natasha
  3611 | D:3      | Noticed Natasha
  3617 | D:3      | Killed Natasha
  3884 | D:4      | Found Iguris's General Store.
  4117 | D:4      | Reached XP level 7. HP: 36/36 MP: 14/20
  4148 | D:4      | Bought a scroll of identify for 28 gold pieces
  4227 | D:4      | Noticed Grinder
  4240 | D:4      | Noticed Menkaure
  4244 | D:4      | Killed Menkaure
  4282 | D:5      | Entered Level 5 of the Dungeon
  4808 | D:5      | Learned a level 4 spell: Iskenderun's Mystic Blast
  4818 | D:5      | Reached XP level 8. HP: 26/41 MP: 13/22
  4907 | D:4      | Found a glowing golden altar of the Shining One.
  4962 | D:4      | Killed Grinder
  4963 | D:4      | Reached skill level 5 in Dodging
  5188 | D:4      | Found a glowing silver altar of Zin.
  5191 | D:4      | Became a worshipper of Zin the Law-Giver
  5191 | D:4      | Reached * piety under Zin
  5212 | D:4      | Found Ipteut's Book Shop.
  5358 | D:4      | Found a white marble altar of Elyvilon.
  5365 | D:4      | Noticed Blork the orc
  5371 | D:4      | Killed Blork the orc
  5599 | D:5      | Reached ** piety under Zin
  6022 | D:5      | Noticed Pikel
  6045 | D:5      | Slain by Pikel

Illustrated notes

Levels and vault maps discovered:
D:1:      minmay_arrival_widening_spiral_wide, layout_basic, minmay_pentomino_p4
D:2:      layout_loops_ring, kennysheep_generic_room_16
D:3:      due_chaos_kobolds, layout_loops_ring, grunt_dithmenos_smoke,
          hellmonk_ecumenical_altar_pennies_from_heaven, uniq_sigmund,
          uniq_natasha, uniq_terence
D:4:      layout_basic, overflow_temple_1_default, lemuel_doored_altar,
          zin_statuary, serial_shops, nicolae_book_shop_shelving, shop,
          uniq_blork_the_orc, uniq_grinder, uniq_menkaure
D:5:      nicolae_cairo_tiling, layout_basic, interstate_on_off,
          uniq_crazy_yiuf_cottage, uniq_pikel

Skill      XL: |  1  2  3  4  5  6  7  8 |
---------------+-------------------------+-----
Spellcasting   | 4 5 6 7 8 9 |  9.7
Conjurations   | 5 6 7 8 9 |  9.0
Dodging        | 4 6 |  6.2
Stealth        | |  2.4

Action                     |  1- 3 |  4- 6 |  7- 9 || total
---------------------------+-------+-------+-------++-------
  Melee: Rapier            |     5 |     7 |     6 ||    18
   Cast: Magic Dart        |    83 |    42 |    17 ||   142
         Searing Ray       |     4 |    21 |    42 ||    67
         Fulminant Prism   |       |       |     1 ||     1
 Invoke: Recite            |       |       |     1 ||     1
   Stab: Sleeping          |     3 |     1 |       ||     4
 Armour: Robe              |     9 |    18 |    32 ||    59
  Dodge: Dodged            |     7 |    17 |    27 ||    51
